 Dungeon Crawl Stone Soup version 0.30.1-3-gfc49f6343a (webtiles) character file.

Game seed: 2088001034032151884

63891 nawrastar the Frost Mage (level 14, -10/115 HPs)
             Began as a Demigod Ice Elementalist on July 26, 2023.
             Killed from afar by Frances (52 damage)
             ... with an iron shot
             ... on level 12 of the Dungeon on July 27, 2023.
             The game lasted 01:12:14 (18615 turns).

nawrastar the Frost Mage (DgIE)                    Turns: 18615, Time: 01:12:15

Health: -10/115    AC: 26    Str:  9    XL:     14   Next: 31%
Magic:  37/41      EV: 14    Int: 33    God:
Gold:   778        SH:  5    Dex: 14    Spells: 17/33 levels left

rFire   . . .        q - +3 dagger (drain)
rCold   . . .        y - +0 buckler
rNeg    + . .        o - +4 troll leather armour
rPois   .            Q - +2 hat
rElec   .            I - +0 cloak
rCorr   .            t - +0 pair of gloves
SInv    .            c - +2 pair of boots
Will    +....        x - amulet of Vitality {RegenMP++ Regen++}
Stlth   ++           u - ring of magical power
HPRegen 2.79/turn    m - ring of positive energy
MPRegen 1.07/turn

%: no passive effects
@: ice-armoured, about to teleport
A: high MP 1, forlorn, divine attributes
a: no special abilities


You were on level 12 of the Dungeon.
You visited 2 branches of the dungeon, and saw 17 of its levels.
You also visited: Volcano.

You collected 1112 gold pieces.
You spent 334 gold pieces at shops.

Inventory:

Hand Weapons
 h - a +3 dagger
 q - a +3 dagger of draining (weapon)
Missiles
 v - a throwing net
Armour
 c - a +2 pair of boots (worn)
 i - a +2 robe of fire resistance
 o - a +4 troll leather armour (worn)
 t - a +0 pair of gloves (worn)
 y - a +0 buckler (worn)
 D - a +2 leather armour of cold resistance
 I - a +0 cloak (worn)
 Q - a +2 hat (worn)
Jewellery
 k - a +6 ring of dexterity
 m - a ring of positive energy (right hand)
 u - a ring of magical power (left hand)
 x - the amulet of Vitality (around neck) {RegenMP++ Regen++}
   (You found it on level 9 of the Dungeon)

   [amulet of magic regeneration]

   It increases your rate of magic regeneration.
   Regen:     It increases your rate of health regeneration.
 N - a ring of see invisible
 R - an amulet of magic regeneration
Wands
 a - a wand of light (9)
 p - a wand of paralysis (14)
 s - a wand of polymorph (6)
 B - a wand of flame (17)
 H - a wand of mindburst (2)
Scrolls
 e - 4 scrolls of teleportation
 j - 3 scrolls of magic mapping
 E - 4 scrolls of noise
 F - a scroll of fear
 G - 2 scrolls of blinking
 J - 9 scrolls of identify
 M - 4 scrolls of fog
 O - a scroll of butterflies {unknown}
 P - 3 scrolls of amnesia
 S - a scroll of silence
 T - a scroll of torment {unknown}
 W - a scroll of enchant weapon
Potions
 b - 3 potions of magic
 d - 9 potions of curing
 f - 4 potions of attraction
 g - 6 potions of heal wounds
 l - 5 potions of brilliance
 n - 2 potions of haste
 r - a potion of might {unknown}
 w - 3 potions of cancellation
 z - a potion of resistance {unknown}
 A - 2 potions of mutation {unknown}
 C - 2 potions of flight {unknown}
 K - a potion of berserk rage {unknown}
 L - a potion of degeneration {unknown}
 V - a potion of lignification {unknown}
Miscellaneous
 U - a box of beasts


   Skills:
 - Level 8.0 Fighting
 - Level 7.8 Armour
 - Level 8.1 Dodging
 - Level 1.7 Stealth
 - Level 5.0 Shields
 - Level 10.0 Spellcasting
 + Level 7.4 Conjurations
 - Level 6.0 Summonings
 - Level 12.0 Ice Magic
 + Level 7.4 Air Magic


You had 17 spell levels left.
You knew the following spells:

 Your Spells              Type           Power      Damage    Failure   Level
a - Freeze                Ice            100%       1d10      1%          1
b - Frozen Ramparts       Ice            100%       1d16      1%          3
c - Ozocubu's Armour      Ice            77%        N/A       1%          3
d - Summon Ice Beast      Ice/Summ       66%        N/A       1%          4
e - Freezing Cloud        Conj/Ice/Air   33%        6-21      3%          5

Your spell library contained the following spells:

 Spells                   Type           Power      Damage    Failure   Level
 Foxfire                  Conj/Fire      100%       2x1d9     1%          1
 Kiss of Death            Conj/Necr      100%       2d13      1%          1
 Magic Dart               Conj           100%       1d8       1%          1
 Summon Small Mammal      Summ           100%       N/A       1%          1
 Call Imp                 Summ           100%       N/A       1%          2
 Momentum Strike          Conj/Tloc      82%        3d10      1%          2
 Mephitic Cloud           Conj/Pois/Air  49%        N/A       2%          3
 Cigotuvi's Dreadful Rot  Necr/Pois/Air  64%        N/A       3%          2
 Dazzling Flash           Conj/Hex       82%        N/A       3%          3
 Apportation              Tloc           32%        N/A       5%          1
 Necrotise                Necr           64%        1d7       5%          1
 Iskenderun's Battlesphe  Conj           60%        2d11      7%          5
 Blink                    Tloc           32%        N/A       9%          2
 Lesser Beckoning         Tloc           32%        N/A       9%          2
 Sublimation of Blood     Necr           16%        N/A       9%          2
 Fulminant Prism          Conj/Hex       20%        3d12      12%         4
 Iskenderun's Mystic Bla  Conj/Tloc      41%        2d9       12%         4
 Confusing Touch          Hex            16%        N/A       16%         3
 Ignite Poison            Fire/Tmut/Pois 16%        N/A       16%         3
 Portal Projectile        Hex/Tloc       32%        N/A       16%         3
 Tukima's Dance           Hex            16%        N/A       16%         3
 Volatile Blastmotes      Fire/Tloc      32%        2d12      16%         3
 Fireball                 Conj/Fire      20%        3d10      32%         5
 Irradiate                Conj/Tmut      20%        3d18      32%         5
 Conjure Ball Lightning   Conj/Air       30%        3x3d10    36%         6
 Dispel Undead            Necr           16%        3d10      47%         4
 Petrify                  Tmut/Erth      16%        N/A       47%         4
 Blade Hands              Tmut           8%         N/A       83%         5
 Lee's Rapid Deconstruct  Erth           8%         3d7*      83%         5
 Plasma Beam              Fire/Air       20%        2x1d35    88%         6
 Starburst                Conj/Fire      20%        6d7       88%         6
 Orb of Destruction       Conj           30%        9d10      91%         7


Dungeon Overview and Level Annotations

Branches:
Dungeon (12/15)            Temple (0/1) D:5            Lair (5/5) D:9
  Swamp (0/4) Lair:2       Spider (0/4) Lair:2        Slime (0/5) Lair:4
Volcano (visited)
    Orc: D:9-12

Shops:
D:2 ?   D:8 *   D:9 **

Annotations:
D:8 exclusion: 3 wights
D:11 3 runed translucent doors, nawrastar's ghost, journeyman DsBe
D:12 Frances
Lair:1 exclusion: oklob plant
Lair:3 2 runed translucent doors, Irhican's ghost, journeyman MiBe
Lair:5 1 runed translucent door, exclusion: 3 doors, ripuliukko's ghost, journeyman DEEE


Innate Abilities, Weirdness & Mutations

You have an increased reservoir of magic. (+10% MP)
You shall have no god before yourself.
Your divine heritage dramatically boosts your attributes as you level up.


Message History

Casting: Frozen Ramparts (safe; 1% risk of failure)
Confirm with . or Enter, or press ? or * to list all spells.
Aiming: Freezing Cloud (dangerous; 3% risk of failure)
Press: ? - help, Dir - move target The wall freezes Frances.
Frances chants phrases taken from a devil's mouth.
The shard of ice hits you!
The wall freezes Frances.
Frances hits you with a +0 long sword!
The hellwing is engulfed in freezing vapours.
The wall freezes the hellwing but does no damage.
Unknown command.
You freeze Frances.
Frances is moderately wounded.
The wall freezes Frances!
Frances hits you with a +0 long sword!
The wall freezes Frances!
Frances hits you with a +0 long sword!
Your icy armour and frozen ramparts will break if you move.
Continue?
You swap places.
Your icy armour cracks and falls away as you move.
The frozen ramparts melt away as you move.
You feel yourself speed up.
Frances sneers.
Frances hits your ice beast with a +0 long sword!! x2
Your ice beast dies!
Your ice beast disappears in a puff of smoke!
Frances whispers indecipherable words.
The iron shot hits you!!!
* * * LOW HITPOINT WARNING * * *
You feel much better.
As you read the scroll of teleportation, it crumbles to dust.
You feel strangely unstable.
Frances whispers indecipherable words.
You block the shard of ice.
Frances mutters in a terrible tongue.
The iron shot misses you.
Casting: Freeze (safe; 1% risk of failure)
Confirm with . or Enter, or press ? or * to list all spells.
A film of ice covers your body!
Frances mutters in a terrible tongue.
The iron shot hits you!!!
You die...

#.#.# #.# #.#.#
#.# #.#.# #.#
#.#.# #[# #.#.#
#.#
#.#.#######.#
#.........#.#
###.#####.#.#
#@# #.#.# #@#
#.#.# .......4#
#.#.# .....####
#.#.# ....
#.#.# ...
########.#.# ..
.......)...# .
...........#
###########..##


You could see Frances (fast) and a hellwing (summoned).

Vanquished Creatures
  Nessos (Lair:3)
  3 hydras
  2 catoblepae (Lair:4)
  Erica (D:9)
  4 death yaks
  2 two-headed ogres
  An alligator (Lair:5)
  A skyshark (Lair:3)
  4 sun demons (Volcano)
  3 deep trolls (D:9)
  A lindwurm (Lair:4)
  An ugly thing (D:10)
  21 elephants
  6 black mambas
  2 gargoyles
  11 cane toads
  2 smoke demons (Volcano)
  A torpor snail (Lair:3)
  A rime drake (Lair:4)
  7 komodo dragons
  2 trolls (D:9)
  Grinder (D:6)
  Prince Ribbit (D:6)
  7 blink frogs
  5 dream sheep (Lair:4)
  Sigmund (D:6)
  A wraith (D:10)
  7 wyverns
  42 yaks
  Eustachio (D:4)
  A basilisk (Lair:1)
  11 steam dragons
  Menkaure (D:4)
  2 acid dragons (D:11)
  9 water moccasins
  2 hell hounds (Volcano)
  An ice beast (D:8)
  5 orc warriors
  A sky beast (D:9)
  Pargi (D:4)
  5 black bears
  4 ogres
  14 wolves
  A boggart (D:7)
  5 centaurs
  2 phantoms
  A kobold brigand (D:11)
  14 bullfrogs
  3 gnoll sergeants
  2 scorpions
  4 wights (D:10)
  21 killer bees
  6 howler monkeys
  5 orc priests
  6 jellies
  A sleepcap (D:7)
  4 hounds
  An iguana (D:5)
  12 orc wizards
  13 gnolls
  7 adders
  4 white imps
  An ufetubus (D:7)
  4 worms
  5 dart slugs
  37 orcs
  7 ball pythons
  8 endoplasms
  3 giant cockroaches
  5 goblins
  4 hobgoblins
  4 jackals (D:2)
  12 kobolds
  6 quokkas
  8 bats
  4 frilled lizards
  8 rats
428 creatures vanquished.

Vanquished Creatures (collateral kills)
  Gastronok (D:10)
  A fire dragon (Volcano)
  2 hydras (Lair:5)
  A catoblepas (Lair:5)
  2 two-headed ogres
  2 death yaks
  A deep troll (D:9)
  9 elephants
  A black mamba (Lair:4)
  A rime drake (Lair:5)
  2 cane toads (Lair:5)
  2 komodo dragons
  A dream sheep (Lair:4)
  4 blink frogs
  A shadow (D:9)
  A wraith (D:12)
  5 yaks
  2 basilisks
  5 water moccasins
  3 wolves (Lair:4)
  A centaur (D:10)
  An elephant skeleton (Lair:5)
  A bullfrog (Lair:4)
  A wight (D:10)
  2 killer bees
  An electric eel (Lair:4)
  An orc priest (D:10)
  4 jellies
  An orc wizard (D:10)
  7 orcs
67 creatures vanquished.

Vanquished Creatures (others)
  A shadow imp (D:6)
1 creature vanquished.

Grand Total: 496 creatures vanquished

Notes
Turn   | Place    | Note
-------+----------+-------------------------------------------
     0 | D:1      | nawrastar the Demigod Ice Elementalist began the quest for
                  | the Orb.
     0 | D:1      | Reached XP level 1. HP: 14/14 MP: 5/5
   314 | D:1      | Reached XP level 2. HP: 18/20 MP: 4/7
   368 | D:1      | Reached skill level 4 in Ice Magic
  1125 | D:2      | Reached XP level 3. HP: 23/26 MP: 5/9
  1129 | D:2      | Learned a level 3 spell: Frozen Ramparts
  1794 | D:2      | Learned a level 3 spell: Ozocubu's Armour
  1885 | D:2      | Reached XP level 4. HP: 33/33 MP: 6/10
  1980 | D:2      | Found Gusul's Magic Scroll Boutique.
  1985 | D:2      | Bought a scroll of identify for 24 gold pieces
  2485 | D:3      | Noticed a phantom
  2506 | D:4      | Identified the +8 war axe "Zimano Xebra" {flame, Str+3}
  2568 | D:4      | Noticed Pargi
  2604 | D:4      | Killed Pargi
  2605 | D:4      | Reached skill level 5 in Ice Magic
  2605 | D:4      | Reached XP level 5. HP: 31/38 MP: 1/12
  3109 | D:4      | Noticed Menkaure
  3115 | D:4      | Killed Menkaure
  3116 | D:4      | Reached skill level 6 in Ice Magic
  3116 | D:4      | Reached XP level 6. HP: 45/45 MP: 14/14
  3507 | D:4      | Noticed Eustachio
  4025 | D:4      | Killed Eustachio
  4026 | D:4      | Reached skill level 7 in Ice Magic
  4026 | D:4      | Reached XP level 7. HP: 48/50 MP: 0/16
  4165 | D:4      | Learned a level 4 spell: Summon Ice Beast
  4166 | D:5      | Entered Level 5 of the Dungeon
  4725 | D:5      | Reached skill level 1 in Shields
  5161 | D:5      | Found a staircase to the Ecumenical Temple.
  5360 | D:6      | Noticed Prince Ribbit
  5371 | D:6      | Killed Prince Ribbit
  5372 | D:6      | Reached XP level 8. HP: 57/57 MP: 18/18
  5503 | D:6      | Noticed Grinder
  5517 | D:6      | Killed Grinder
  5518 | D:6      | Reached skill level 5 in Spellcasting
  5617 | D:6      | Reached skill level 8 in Ice Magic
  5628 | D:6      | Noticed Sigmund
  5636 | D:6      | Killed Sigmund
  5637 | D:6      | Reached skill level 5 in Shields
  6387 | D:7      | Reached XP level 9. HP: 62/62 MP: 21/21
  6423 | D:7      | Reached skill level 9 in Ice Magic
  7563 | D:8      | Reached skill level 10 in Ice Magic
  7663 | D:8      | Reached skill level 1 in Summonings
  8192 | D:8      | Found Gozag's Platinum Reserve.
  8677 | D:9      | Found Velevveure's General Store.
  8722 | D:9      | Reached XP level 10. HP: 37/69 MP: 22/24
  9177 | D:9      | Reached skill level 5 in Summonings
  9579 | D:9      | Noticed Erolcha
  9580 | D:9      | Erolcha changed into Erolcha the sky beast
  9580 | D:9      | Noticed Erolcha
  9589 | D:9      | Killed Erolcha the sky beast
  9748 | D:9      | Paralysed by an orc for 2 turns
  9820 | D:9      | Found a staircase to the Lair.
  9958 | D:9      | Reached skill level 11 in Ice Magic
 10041 | D:9      | Noticed Erica
 10071 | D:9      | Killed Erica
 10166 | D:9      | Found Ipixud's Assorted Antiques.
 10171 | D:9      | Bought 2 potions of heal wounds for 310 gold pieces
 10557 | D:9      | Noticed a deep troll
 10565 | D:9      | Killed a deep troll
 10599 | D:9      | Noticed a deep troll
 10599 | D:9      | Noticed a deep troll
 10605 | D:9      | Noticed a deep troll
 10607 | D:9      | Killed a deep troll
 10613 | D:9      | Killed a deep troll
 10614 | D:9      | Reached XP level 11. HP: 74/74 MP: 17/27
 10617 | D:9      | Killed a deep troll
 10819 | D:9      | Found the amulet of Vitality {RegenMP++ Regen++}
 10907 | D:10     | Entered Level 10 of the Dungeon
 10949 | D:10     | Noticed Gastronok
 10970 | D:10     | Killed Gastronok
 11131 | D:10     | Reached skill level 12 in Ice Magic
 11277 | D:10     | Noticed a two-headed ogre
 11282 | D:10     | Killed a two-headed ogre
 11283 | D:10     | Reached skill level 1 in Fighting
 11283 | D:10     | Reached skill level 1 in Armour
 11313 | D:10     | Noticed a two-headed ogre
 11326 | D:10     | Killed a two-headed ogre
 12287 | D:11     | Noticed a two-headed ogre
 12295 | D:11     | Killed a two-headed ogre
 12340 | D:11     | Noticed a two-headed ogre
 12358 | D:11     | Killed a two-headed ogre
 12649 | D:11     | Found a runed translucent gate.
 12658 | D:11     | Found a runed translucent gate.
 12659 | D:11     | Found a runed translucent gate.
 12660 | D:11     | Noticed nawrastar's ghost (journeyman DsBe)
 12825 | Lair:1   | Entered Level 1 of the Lair of Beasts
 13633 | Lair:2   | Found a dark tunnel.
 13647 | Volcano  | Entered a volcano
 13750 | Volcano  | Reached XP level 12. HP: 91/91 MP: 30/30
 13900 | Volcano  | Reached skill level 5 in Dodging
 13900 | Volcano  | Reached skill level 10 in Spellcasting
 13933 | Volcano  | Noticed a fire dragon
 13965 | Volcano  | Killed a fire dragon
 13966 | Volcano  | Reached skill level 5 in Fighting
 13966 | Volcano  | Reached skill level 5 in Armour
 14147 | Lair:2   | Found a hole to the Spider Nest.
 14604 | Lair:2   | Found a staircase to the Swamp.
 15350 | Lair:3   | Found a large runed translucent door.
 15350 | Lair:3   | Found a large runed translucent door.
 15351 | Lair:3   | Noticed Irhican's ghost (journeyman MiBe)
 15685 | Lair:3   | Noticed Nessos
 15717 | Lair:3   | Killed Nessos
 15718 | Lair:3   | Reached XP level 13. HP: 104/104 MP: 31/31
 16310 | Lair:4   | Found a staircase to the Slime Pits.
 16388 | Lair:4   | Learned a level 5 spell: Freezing Cloud
 16432 | Lair:4   | Reached skill level 1 in Conjurations
 16432 | Lair:4   | Reached skill level 1 in Air Magic
 16571 | Lair:4   | Found a runed translucent door.
 17062 | Lair:5   | Entered Level 5 of the Lair of Beasts
 17282 | Lair:5   | Reached skill level 5 in Air Magic
 17284 | Lair:5   | Reached skill level 5 in Conjurations
 17445 | Lair:5   | Reached XP level 14. HP: 115/115 MP: 31/32
 17514 | Lair:5   | Found a runed translucent door.
 17540 | Lair:5   | Noticed ripuliukko's ghost (journeyman DEEE)
 18607 | D:12     | Noticed Frances
 18615 | D:12     | Killed from afar by Frances

Illustrated notes

Levels and vault maps discovered:
D:1:      minmay_arrival_split_and_join, layout_loops_ring
D:2:      layout_loops_ring, serial_shops, shop
D:3:      layout_basic, mainiacjoe_overflow_cross_hatched,
          amcnicky_mini_rare_corridor_liquid
D:4:      layout_basic, mainiacjoe_overflow_catwalk, uniq_pargi, uniq_eustachio,
          uniq_menkaure
D:5:      layout_rooms, nicolae_uskayaw_dance_hall, minmay_temple_entry_ruins
D:6:      layout_loops_ring, mainiacjoe_overflow_24_doors,
          mainiacjoe_overflow_concentric_impassable, uniq_sigmund,
          uniq_prince_ribbit1, uniq_grinder
D:7:      nzn_winding_woodlands_three_and_one [nzn_winding_woodlands_5x15_pool,
          nzn_winding_woodlands_5x15_concentric,
          nzn_winding_woodlands_5x15_pathside_ponds,
          nzn_winding_woodlands_center_diamonds], layout_loops_cross
D:8:      layout_cave_pods, nicolae_gozag_zags_fifth_avenue,
          nicolae_hepliaklqana_hazy_memory
D:9:      layout_long_grid, due_lair_maze_entry_diamond, serial_shops,
          nicolae_shop_hallway_plus, shop, special_room [special_room_orc],
          kennysheep_decorative_pillar,
          hellmonk_guarded_unrand_vitality_bloodlust, uniq_erolcha, uniq_erica
D:10:     layout_roguey, kennysheep_generic_room_9, uniq_gastronok
D:11:     layout_roguey, ebering_ghost_rock_garden
D:12:     layout_basic, erik_orc_3, nicolae_trove_entry_path_of_doom,
          portal_ice_cave_rime, uniq_frances
Lair:1:   layout_regular_city
Lair:2:   layout_hall_layers, swamp_mist, dummy_spider_entry, basic_altar,
          enter_volcano_2, infiniplex_staircase_pool_2, lemuel_fruit_fields
Lair:3:   layout_chaotic_city, ebering_ghost_disaster_area, uniq_nessos
Lair:4:   gammafunk_lair_enchanted_lake, layout_misc_corridors,
          nicolae_slime_entry_field_trip, grunt_megastairs_2,
          lemuel_fruit_fields
Lair:5:   due_jungle_book, layout_loops_ring, ebering_ghost_reflecting_pool,
          grunt_megastairs_1

Skill      XL: |  1  2  3  4  5  6  7  8  9 10 11 12 13 14 |
---------------+-------------------------------------------+-----
Spellcasting   | 2 3 4 5 7 8 9 10 | 10.0
Ice Magic      | 4 5 6 7 8 10 11 12 | 12.0
Shields        | 3 5 |  5.0
Summonings     | 3 6 |  6.0
Fighting       | 3 6 8 |  8.0
Armour         | 3 6 7 |  7.8
Dodging        | 4 7 8 |  8.1
Conjurations   | 5 7 |  7.4
Air Magic      | 5 7 |  7.4
Stealth        | |  1.7

Action                     |  1- 3 |  4- 6 |  7- 9 | 10-12 | 13-15 || total
---------------------------+-------+-------+-------+-------+-------++-------
  Melee: Unarmed           |     1 |       |       |       |       ||     1
         Dagger            |     5 |    21 |    85 |    43 |    16 ||   170
         Punch             |       |       |     1 |       |       ||     1
   Cast: Freeze            |    80 |    59 |    71 |   292 |   268 ||   770
         Frozen Ramparts   |       |    14 |    49 |   103 |    54 ||   220
         Ozocubu's Armour  |       |     3 |    25 |    69 |    35 ||   132
         Summon Ice Beast  |       |       |     9 |    44 |    32 ||    85
         Freezing Cloud    |       |       |       |       |    18 ||    18
  Evoke: Wand              |       |     7 |     5 |    14 |       ||    26
    Use: Scroll            |       |       |    13 |    10 |     1 ||    24
         Potion            |       |       |     1 |     4 |     1 ||     6
   Stab: Sleeping          |     3 |     2 |       |       |       ||     5
         Paralysed         |       |     6 |    11 |    11 |       ||    28
         Distracted        |       |       |       |       |     1 ||     1
 Armour: Robe              |    20 |    37 |       |    20 |       ||    77
         Leather armour    |       |       |    85 |    19 |       ||   104
         Troll leather arm |       |       |       |   111 |   170 ||   281
  Dodge: Dodged            |    39 |    51 |    87 |   155 |   193 ||   525
  Block: Buckler           |       |       |    28 |    65 |    85 ||   178
